[Event "*** Titled Tuesday Blitz"]
[Site "Chess.com"]
[Date "2020.05.19"]
[Round "7"]
[White "hypert"]
[Black "HanSchut"]
[Result "1-0"]
[WhiteElo "2369"]
[BlackElo "2228"]
[TimeControl "180+1"]
[EndTime "13:18:34 PDT"]
[Termination "hypert won by checkmate"]

1. e4 c5 2. Nf3 d6 3. d4 cxd4 4. Nxd4 Nf6 5. Nc3 a6 6. Qf3 e5 7.
Nf5 d5 8. Nxd5 Nxd5 9. exd5 g6 10. Ne3 f5 11. Bc4 e4 12. Qe2 Bg7 13. f4 O-O 14. O-O Kh8 15. Kh1 b5 16. Bb3 Nd7 17. a4 Nc5 18. axb5 Nxb3 19. cxb3 Bd4 20. Rd1 Qb6 21. Rxd4 Qxd4 22. Bd2 Qxb2 23. Qe1 Qxb3 24. Bc3+ Kg8 25. Qd2 Rf7 26. Qd4 Kf8 27. d6 Bd7 28. Qh8# 1-0

[Event "*** Titled Tuesday Blitz"]
[Site "Chess.com"]
[Date "2020.05.19"]
[Round "7"]
[White "SketchyMoves"]
[Black "TigranMukhutdinov"]
[Result "1-0"]
[WhiteElo "2639"]
[BlackElo "2473"]
[TimeControl "180+1"]
[EndTime "13:18:36 PDT"]
[Termination "SketchyMoves won by resignation"]

1. b3 e5 2. Bb2 Nc6 3. e3 Nf6 4. Nf3 d6 5. d4 exd4 6. Nxd4 Nxd4 7. Qxd4 Be7 8. Nc3 O-O 9. Nd5 Be6 10. Nxe7+ Qxe7 11. Bd3 h6 12. O-O-O a5 13. g4 Ne8 14. Qe4 f5 15. gxf5 Rxf5 16. Bc4 d5 17. Rxd5 Rxd5 18. Bxd5 Ra6 19. Rg1 Nf6 20. Bxe6+ Rxe6 21. Qxb7 Rxe3 22.
Qc8+ Kh7 23. Qf5+ Kh8 24. Bxf6 1-0

[Event "*** Titled Tuesday Blitz"]
[Site "Chess.com"]
[Date "2020.05.19"]
[Round "7"]
[White "nitpicker"]
[Black "Sanyura"]
[Result "0-1"]
[WhiteElo "2318"]
[BlackElo "2496"]
[TimeControl "180+1"]
[EndTime "13:18:38 PDT"]
[Termination "Sanyura won by resignation"]

1. d4 Nf6 2. c4 c5 3. d5 b5 4.
cxb5 a6 5. bxa6 e6 6. Nc3 exd5 7. Nxd5 Be7 8. g3 Nc6 9. Bg2 O-O 10. Nh3 Bxa6 11.
O-O Nd4 12. Re1 Re8 13. Bf4 Nxd5 14. Bxd5 Bf6 15. e3 Ne6 16. Rb1 Qc8 17. Qf3 Ra7 18.
Rec1 Bd3 19. a3 Bxb1 20. Rxb1 Nc7 21. Bc4 d5 22. Bxd5 Nxd5 23. Qxd5 Qxh3 24. Qxc5 Rd7 25. b4 Red8 26. Qc2 Rd2 27. Qb3 Qh5 28. e4 R2d3 29.
Qa2 Qf3 30. Rf1 Rd1 0-1

[Event "*** Titled Tuesday Blitz"]
[Site "Chess.com"]
[Date "2020.05.19"]
[Round "7"]
[White "Dr-Bassem"]
[Black "Eltaj_Safarli"]
[Result "0-1"]
[WhiteElo "2785"]
[BlackElo "3000"]
[TimeControl "180+1"]
[EndTime "13:18:42 PDT"]
[Termination "Eltaj_Safarli won on time"]

1. e4 e5 2. Nf3 Nc6 3. Bc4 Bc5 4. O-O Nf6 5. d3 h6 6. c3 d6 7. Re1 O-O 8. Nbd2 Re8 9. Nf1 Be6 10. Bxe6 Rxe6 11.
d4 exd4 12. cxd4 Bb4 13. d5 Bxe1 14. Nxe1 Rxe4 15. dxc6 bxc6 16. Ng3 Re8 17. Nf3 Qd7 18. h3 Ne4 19. Nxe4 Rxe4 20. Be3 a5 21. Rc1 a4 22. Qc2 Rb4 23. a3 Rb5 24. Qxc6 Qxc6 25. Rxc6 Rxb2 26. Rxc7 Rb3 27. Bc1 Rd3 28. Kh2 Rb8 29. h4 Rbb3 30. Rc4 Rbc3 31. Rxc3 Rxc3 32. Bb2 Rc2 33. Bd4 Ra2 34.
Kg3 Rxa3 35. Kf4 Rb3 36. Nd2 Rb4 37. Ke3 a3 38. Bc3 a2 0-1

[Event "*** Titled Tuesday Blitz"]
[Site "Chess.com"]
[Date "2020.05.19"]
[Round "7"]
[White "PowerThinking2650"]
[Black "mbachez"]
[Result "0-1"]
[WhiteElo "2301"]
[BlackElo "2490"]
[TimeControl "180+1"]
[EndTime "13:18:42 PDT"]
[Termination "mbachez won by resignation"]

1. e4 e6 2. d4 d5 3. Nd2 h6 4. Ngf3 Nf6 5. e5 Nfd7 6. Bd3 c5 7. c3 Nc6 8. O-O g5 9. h3 h5 10. dxc5 g4 11. Nd4 gxh3 12. Nxe6 fxe6 13. Bg6+ Ke7 14. Nc4 Bh6 15. Nd6 Ndxe5 16. Bxh5 hxg2 17. Re1 Bxc1 18.
Rxc1 Qg8 19. c4 Qg5 20. cxd5 Rxh5 0-1

[Event "*** Titled Tuesday Blitz"]
[Site "Chess.com"]
[Date "2020.05.19"]
[Round "7"]
[White "spela91"]
[Black "jcgs1030"]
[Result "1-0"]
[WhiteElo "2032"]
[BlackElo "2361"]
[TimeControl "180+1"]
[EndTime "13:18:43 PDT"]
[Termination "spela91 won by resignation"]

1. d4 Nf6 2. c4 e6 3. Nc3 d5 4. cxd5 exd5 5. Bg5 Be7 6. e3 c6 7. Bd3 Nbd7 8. Nge2 Nf8 9. Qc2 Ne6 10. Bh4 g6 11.
O-O Ng7 12. f3 Nf5 13. Bf2 Nd6 14. e4 dxe4 15. fxe4 Nd7 16. e5 Nf5 17. Bxf5 gxf5 18. Ng3 f4 19. Nf5 Nb6 20. Ng7+ Kf8 21. Nh5 Bg5 22.
Ne4 Bg4 23. Nhf6 Bf5 24. Qc5+ Qe7 25. Qxe7+ Kxe7 26. Nxg5 1-0

[Event "*** Titled Tuesday Blitz"]
[Site "Chess.com"]
[Date "2020.05.19"]
[Round "7"]
[White "novocane"]
[Black "BabyBoss31"]
[Result "0-1"]
[WhiteElo "2212"]
[BlackElo "2338"]
[TimeControl "180+1"]
[EndTime "13:18:45 PDT"]
[Termination "BabyBoss31 won by resignation"]

1. d4 d5 2. c4 dxc4 3. e4 Nc6 4. Nf3 Bg4 5. Bxc4 e6 6. Be3 Bxf3 7. gxf3 Qf6 8. Bb5 Bb4+ 9. Nc3 Ne7 10. e5 Qh4 11. Qb3 O-O-O 12. O-O-O Nxd4 13. Bxd4 Rxd4 14. Ne4 Rhd8 15.
a3 Ba5 16. Rxd4 Rxd4 17. Rd1 Rxd1+ 18. Qxd1 a6 19. Qd7+ Kb8 20. Bxa6 bxa6 21. Nc5 Qc4+ 22. Kb1 Qxc5 23. Qd8+ Kb7 0-1

[Event "*** Titled Tuesday Blitz"]
[Site "Chess.com"]
[Date "2020.05.19"]
[Round "7"]
[White "WildTricks"]
[Black "temus_galaktionov"]
[Result "0-1"]
[WhiteElo "2544"]
[BlackElo "2701"]
[TimeControl "180+1"]
[EndTime "13:18:50 PDT"]
[Termination "temus_galaktionov won by resignation"]

1. Nf3 c6 2. g3 g6 3. Bg2 Bg7 4. O-O d6 5. d4 Nd7 6. c4 Ngf6 7. Nc3 O-O 8. e4 e5 9. Re1 Qc7 10. h3 Re8 11. Be3 a5 12. b3 exd4 13. Nxd4 Nc5 14.
Qc2 Bd7 15. Rad1 Rad8 16. a3 Bc8 17. b4 axb4 18. axb4 Ne6 19. Nde2 b6 20. Na4 c5 21. b5 Bb7 22. Nac3 Ra8 23. Ra1 Nf8 24. f3 N8d7 25. Rxa8 Rxa8 26. f4 Ra3 27. Bf2 Qb8 28. Rd1 h6 29.
Qb2 Ra5 30. Qd2 Bf8 31. g4 Qa8 32. Kh2 Nxe4 33. Qd3 Nxf2 0-1

[Event "*** Titled Tuesday Blitz"]
[Site "Chess.com"]
[Date "2020.05.19"]
[Round "7"]
[White "VladimirBugayev"]
[Black "larisakalinina"]
[Result "1-0"]
[WhiteElo "2252"]
[BlackElo "2015"]
[TimeControl "180+1"]
[EndTime "13:18:50 PDT"]
[Termination "VladimirBugayev won by checkmate"]

1. e4 c5 2. a3 Nc6 3. b4 cxb4 4.
axb4 Nxb4 5. d4 d5 6. c3 Nc6 7.
exd5 Qxd5 8. Na3 Qd8 9. d5 Ne5 10. Nb5 a6 11. Bf4 Bg4 12. f3 axb5 13. Rxa8 Qxa8 14.
fxg4 Nc4 15. Nf3 Nf6 16. Be2 Nxg4 17. O-O Nge3 18. Bxe3 Nxe3 19. Bxb5+ Kd8 20. Qd4 Nxf1 21. Qb6+ Kc8 22. Ne5 Qa1 23. Bd7+ Kb8 24. Nc6+ Ka8 25. Qd8# 1-0

[Event "*** Titled Tuesday Blitz"]
[Site "Chess.com"]
[Date "2020.05.19"]
[Round "7"]
[White "DonBroca"]
[Black "canary2016"]
[Result "1/2-1/2"]
[WhiteElo "2169"]
[BlackElo "1950"]
[TimeControl "180+1"]
[EndTime "13:18:51 PDT"]
[Termination "Game drawn by repetition"]

1. e4 e5 2. Nf3 Nf6 3. Nxe5 d6 4. Nf3 Nxe4 5. d4 d5 6. Bd3 Bd6 7. c4 O-O 8. O-O c6 9. Nc3 Bf5 10. Re1 Re8 11. cxd5 cxd5 12. Nxd5 Bxh2+ 13. Kxh2 Qxd5 14. Bf4 Nd7 15. Rc1 Ndf6 16. Bc4 Qd7 17. Ne5 Qe7 18. f3 Ng4+ 19. fxg4 Qh4+ 20. Kg1 Qf2+ 21.
Kh2 Qh4+ 22. Kg1 Qf2+ 23. Kh1 Qh4+ 24. Kg1 1/2-1/2

[Event "*** Titled Tuesday Blitz"]
[Site "Chess.com"]
[Date "2020.05.19"]
[Round "7"]
[White "Alexander_Moskalenko"]
[Black "AminMolaei"]
[Result "0-1"]
[WhiteElo "2816"]
[BlackElo "2651"]
[TimeControl "180+1"]
[EndTime "13:18:52 PDT"]
[Termination "AminMolaei won by resignation"]

1. d4 e6 2. c4 b6 3. Nf3 Bb7 4. g3 f5 5. Bg2 Nf6 6. Nc3 Bb4 7. Qb3 Be7 8. d5 O-O 9. O-O a5 10.
dxe6 dxe6 11. c5 Bxc5 12. Qxe6+ Kh8 13. Bg5 Qd7 14. Qc4 Qe8 15. Bxf6 Rxf6 16. Nd5 Bxd5 17. Qxd5 Nc6 18. e3 Rd8 19. Qc4 Rfd6 20. a3 Qe7 21. Rab1 Re6 22. Nh4 Ne5 23. Qa2 Qf6 24. b4 axb4 25.
axb4 Bd6 26. Qc2 g6 27. Rfd1 Re7 28. Qc6 Nxc6 0-1

[Event "*** Titled Tuesday Blitz"]
[Site "Chess.com"]
[Date "2020.05.19"]
[Round "7"]
[White "EmeseBalogh"]
[Black "barbara25"]
[Result "0-1"]
[WhiteElo "1942"]
[BlackElo "2188"]
[TimeControl "180+1"]
[EndTime "13:18:52 PDT"]
[Termination "barbara25 won by resignation"]

1. e4 c5 2. Nc3 a6 3. g3 b5 4.
Bg2 Bb7 5. d3 e6 6. Be3 d6 7. Qd2 Nd7 8. f4 Ne7 9. Nf3 d5 10. exd5 exd5 11. d4 c4 12. O-O b4 13.
Ne2 a5 14. Ne5 g6 15. c3 Nf5 16. Bf2 Bd6 17. Rae1 O-O 18. Kh1 b3 19. axb3 cxb3 20.
Rd1 a4 21. Nc1 Ng7 22. g4 Nf6 23. h3 Ne4 24. Qe2 f6 25. Nf3 Bxf4 26. Nd3 Bd6 27. Be1 Re8 0-1

[Event "*** Titled Tuesday Blitz"]
[Site "Chess.com"]
[Date "2020.05.19"]
[Round "7"]
[White "Rodchenkov_Vitalij"]
[Black "dosto07"]
[Result "1-0"]
[WhiteElo "2391"]
[BlackElo "2149"]
[TimeControl "180+1"]
[EndTime "13:18:53 PDT"]
[Termination "Rodchenkov_Vitalij won by resignation"]

1. d4 d5 2. c4 dxc4 3. e4 e5 4. Nf3 exd4 5. Bxc4 Nc6 6. O-O Be6 7. Bxe6 fxe6 8. Qb3 Qd7 9. Qxb7 Rb8 10. Qa6 Nf6 11. Nbd2 Bd6 12. Qd3 Nb4 13. Qc4 Nc6 14. Re1 e5 15.
Nb3 Rb4 16. Qc2 O-O 17. Bd2 Rbb8 18. Rac1 Ne7 19. Nc5 Qg4 20. h3 Qh5 21. Ne6 Rfc8 22. Qd3 Rxb2 23. Nexd4 exd4 24. e5 Rxd2 25. Qxd2 Nd7 26.
exd6 c5 27. dxe7 1-0

[Event "*** Titled Tuesday Blitz"]
[Site "Chess.com"]
[Date "2020.05.19"]
[Round "7"]
[White "Shield12"]
[Black "Baby_Shak"]
[Result "0-1"]
[WhiteElo "2814"]
[BlackElo "2635"]
[TimeControl "180+1"]
[EndTime "13:18:56 PDT"]
[Termination "Baby_Shak won by resignation"]

1. e4 e5 2. Nf3 Nc6 3. Bb5 a6 4. Ba4 d6 5. O-O Bg4 6. h3 h5 7. Bxc6+ bxc6 8. d4 Bxf3 9. Qxf3 exd4 10. Rd1 Qf6 11. Qb3 Ne7 12. Qc4 g5 13. Qxd4 Qxd4 14. Rxd4 Bg7 15. Rd1 g4 16. hxg4 hxg4 17. Nc3 Rb8 18. Ne2 Rb5 19. c3 Ng6 20. Ng3 Be5 21. Nf5 Bh2+ 22. Kf1 Bf4 23. b3 Bxc1 24. Raxc1 Nf4 25.
Ng3 Rh2 26. Ne2 Rh1+ 27. Ng1 Rbh5 28. Rc2 R5h2 29. g3 Rg2 30. gxf4 Rgxg1+ 0-1

[Event "*** Titled Tuesday Blitz"]
[Site "Chess.com"]
[Date "2020.05.19"]
[Round "7"]
[White "katchesskat"]
[Black "Xtrmntr78"]
[Result "0-1"]
[WhiteElo "2228"]
[BlackElo "2372"]
[TimeControl "180+1"]
[EndTime "13:18:58 PDT"]
[Termination "Xtrmntr78 won by checkmate"]

1. c4 Nf6 2. e3 e6 3. Nf3 b6 4.
a3 Bb7 5. Be2 c5 6. Qc2 d5 7.
O-O Be7 8. b3 Nc6 9. Bb2 O-O 10.
d3 Rc8 11. Nbd2 Qc7 12. h3 Rfd8 13. Rfe1 Qb8 14. Rac1 a6 15. Qb1 b5 16. Qa1 Ne8 17. Nh2 d4 18. exd4 Nxd4 19. Bxd4 Rxd4 20. cxb5 axb5 21.
Ndf3 Rdd8 22. a4 Bf6 23. Qa3 b4 24. Qa2 Ba6 25. Red1 Bc3 26. Ng4 Nc7 27. Nge5 Nd5 28. Nc4 Nf4 29. Bf1 Bb7 30. Nh2 Bd4 31. Qd2 Nxh3+ 32.
Kh1 Nxf2+ 33. Kg1 Ne4+ 34. Kh1 Nf2+ 35. Qxf2 Bxf2 36. Rc2 Qg3 37. Re2 Rd4 38. Ne5 Qxh2+ 39. Kxh2 Rh4# 0-1

[Event "*** Titled Tuesday Blitz"]
[Site "Chess.com"]
[Date "2020.05.19"]
[Round "7"]
[White "Ceejay271"]
[Black "elohunter1999"]
[Result "0-1"]
[WhiteElo "2391"]
[BlackElo "2545"]
[TimeControl "180+1"]
[EndTime "13:19:02 PDT"]
[Termination "elohunter1999 won by resignation"]

1. d4 Nf6 2. Nf3 d5 3. c4 e6 4. g3 dxc4 5. Bg2 a6 6. O-O Nc6 7. e3 Rb8 8. Nfd2 e5 9. Bxc6+ bxc6 10. dxe5 Ng4 11. Nxc4 Be6 12. b3 h5 13. Qxd8+ Kxd8 14. f4 Bc5 15. Re1 g5 16. Kg2 gxf4 17. exf4 Bd5+ 18. Kf1 Nxh2+ 19. Ke2 Bd4 20. Nb2 Rg8 21. Kd3 Rxg3+ 22. Kxd4 Nf3+ 23. Ke3 Nxe1+ 24. Kf2 h4 25.
Kxe1 h3 26. Kf2 Rg2+ 0-1

[Event "*** Titled Tuesday Blitz"]
[Site "Chess.com"]
[Date "2020.05.19"]
[Round "7"]
[White "ErikBlomqvist"]
[Black "IngOscarArdila"]
[Result "1-0"]
[WhiteElo "2284"]
[BlackElo "2039"]
[TimeControl "180+1"]
[EndTime "13:19:03 PDT"]
[Termination "ErikBlomqvist won by checkmate"]

1. e4 e5 2. Nf3 Nf6 3. Nxe5 d6 4. Nf3 Nxe4 5. d3 Nf6 6. d4 Be7 7. Bd3 O-O 8. O-O Re8 9. h3 Nbd7 10. Re1 Nf8 11.
c3 Be6 12. Nbd2 Qd7 13. Nf1 Bf5 14. Ng3 Bxd3 15. Qxd3 Ng6 16. Nf5 Bf8 17. Bg5 Nd5 18.
g3 Rxe1+ 19. Rxe1 Re8 20. Rxe8 Qxe8 21. h4 Nde7 22. Bxe7 Nxe7 23. Ne3 Qd7 24. Kg2 g6 25. Qe4 c6 26. Qf4 Bg7 27. h5 gxh5 28. Qg5 Ng6 29. Qxh5 Qe6 30. Ng5 Qxa2 31. Qxh7+ Kf8 32. Qh3 Bf6 33.
Nh7+ Kg7 34. Nf5+ Kg8 35. Nxf6+ Kf8 36. Qh6# 1-0

[Event "*** Titled Tuesday Blitz"]
[Site "Chess.com"]
[Date "2020.05.19"]
[Round "7"]
[White "ramses135"]
[Black "Buffy7"]
[Result "0-1"]
[WhiteElo "2499"]
[BlackElo "2642"]
[TimeControl "180+1"]
[EndTime "13:19:06 PDT"]
[Termination "Buffy7 won by resignation"]

1. e4 c5 2. Nf3 d6 3. d4 cxd4 4. Nxd4 Nf6 5. Nc3 Nc6 6. Bc4 Qb6 7. Nb3 e6 8. Bg5 a6 9. Bxf6 gxf6 10. Qh5 Qc7 11.
O-O b5 12. Be2 Bb7 13. Kh1 O-O-O 14. f4 Kb8 15. Bf3 Na7 16. Rf2 b4 17. Nd1 Nb5 18.
Ne3 Bg7 19. a4 Na7 20. Rd1 Bc6 21. Na5 Bxa4 22. b3 Bb5 23. Nec4 f5 24. exf5 d5 25. fxe6 fxe6 26. Rfd2 Bc3 0-1

[Event "*** Titled Tuesday Blitz"]
[Site "Chess.com"]
[Date "2020.05.19"]
[Round "7"]
[White "WPWPWP-2015"]
[Black "Shubinkirill2003"]
[Result "0-1"]
[WhiteElo "2416"]
[BlackElo "2575"]
[TimeControl "180+1"]
[EndTime "13:19:06 PDT"]
[Termination "Shubinkirill2003 won on time"]

1. e4 e6 2. d4 d5 3. Nc3 Bb4 4. exd5 exd5 5. Bd3 c6 6. Ne2 Ne7 7. Ng3 Ng6 8. O-O O-O 9. a3 Bd6 10. Nf5 Bxf5 11. Bxf5 Nd7 12. g3 Qc7 13. Qf3 Rae8 14. Bg5 h6 15. Be3 Ne7 16. Bd3 f5 17. Ne2 Nf6 18.
Nf4 Qd7 19. c4 g5 20. c5 Bxf4 21. gxf4 g4 22. Qg3 Ng6 23. h3 h5 24. h4 Ne4 25. Qh2 Qe7 26. Rae1 Nxh4 27. Be2 Ng6 28. Qxh5 Kg7 29. f3 Rh8 30. Qxf5 Qh4 31. Qd7+ Re7 0-1

[Event "*** Titled Tuesday Blitz"]
[Site "Chess.com"]
[Date "2020.05.19"]
[Round "7"]
[White "doons21"]
[Black "PavelChernomordik"]
[Result "0-1"]
[WhiteElo "2525"]
[BlackElo "2401"]
[TimeControl "180+1"]
[EndTime "13:19:09 PDT"]
[Termination "PavelChernomordik won by resignation"]

1. e4 g6 2. d4 Bg7 3. Nc3 d6 4.
f4 a6 5. a4 b6 6. Nf3 e6 7.
Be3 Ne7 8. Qd2 Bb7 9. Be2 Nd7 10. O-O O-O 11. Kh1 Nf6 12. e5 Nfd5 13. Bg1 Nxc3 14. bxc3 Nf5 15. Bd3 h6 16. Qe2 c5 17. Bxf5 exf5 18.
exd6 Qxd6 19. Ne5 Rfe8 20. Rad1 Qc7 21. dxc5 Bxe5 22. fxe5 Qxe5 23. Qd2 bxc5 24. Qxh6 Rad8 25. Rb1 Qe4 26. Qg5 Bc6 27. Bxc5 Qxc2 28. Bd4 Rxd4 29. cxd4 Re2 30. Rb8+ Kg7 31. Qh4 Re8 32. Qg3 Rxb8 33.
Qe5+ f6 34. Qc7+ Kh6 35. Rg1 Bxg2+ 0-1

[Event "*** Titled Tuesday Blitz"]
[Site "Chess.com"]
[Date "2020.05.19"]
[Round "7"]
[White "Bastiandash"]
[Black "JoakimVonAnd"]
[Result "0-1"]
[WhiteElo "2203"]
[BlackElo "2460"]
[TimeControl "180+1"]
[EndTime "13:19:09 PDT"]
[Termination "JoakimVonAnd won on time"]

1. d4 d5 2. Nf3 Nf6 3. c3 Bf5 4. Bg5 Ne4 5. Bf4 c5 6. e3 Nc6 7.
Nbd2 e6 8. Nxe4 Bxe4 9. Bd3 Bxd3 10. Qxd3 Bd6 11. Bxd6 Qxd6 12. O-O h6 13. Rfe1 O-O 14. dxc5 Qxc5 15. e4 Rad8 16. e5 b5 17. a3 a5 18.
Nd4 Nxd4 19. Qxd4 Qxd4 20. cxd4 Rc8 21. Rac1 Rc4 22. Rxc4 bxc4 23. Re2 Rb8 24. Kf1 Rb3 25. Ke1 c3 26. bxc3 Rxc3 27. Re3 Rc1+ 28. Kd2 Ra1 29. Rf3 Ra2+ 30. Kc1 a4 31. g3 Kf8 32. h4 Ke7 33. Kb1 Rd2 34. Rf4 f5 35. exf6+ gxf6 36. h5 f5 37. Kc1 Ra2 0-1

[Event "*** Titled Tuesday Blitz"]
[Site "Chess.com"]
[Date "2020.05.19"]
[Round "7"]
[White "fabianvivasz"]
[Black "AttilaTurzo"]
[Result "0-1"]
[WhiteElo "2317"]
[BlackElo "2487"]
[TimeControl "180+1"]
[EndTime "13:19:09 PDT"]
[Termination "AttilaTurzo won by checkmate"]

1. e4 c5 2. Nf3 Nc6 3. Bb5 g6 4. O-O Bg7 5. c3 e5 6. d4 exd4 7. cxd4 cxd4 8. Nbd2 Nge7 9. Nb3 a6 10. Bc4 b5 11.
Bd5 O-O 12. Nbxd4 Nxd5 13. exd5 Nxd4 14. Nxd4 Bb7 15. Nb3 Qc7 16. Qd3 Rfe8 17. Be3 Bxb2 18.
Rab1 Qc3 19. Qd1 Qf6 20. Nc5 Bc8 21. Rxb2 Qxb2 22. Bd4 Qxa2 23. Qf3 f5 24. d6 Rb8 25.
Nb3 Bb7 26. Qh3 Rf8 27. Re1 Rbe8 28. Rc1 Bd5 29. Nc5 Qd2 30. Be3 Qxc1+ 31. Bxc1 Re1# 0-1

[Event "*** Titled Tuesday Blitz"]
[Site "Chess.com"]
[Date "2020.05.19"]
[Round "7"]
[White "Susal_De_Silva"]
[Black "yuki_chess123"]
[Result "1-0"]
[WhiteElo "2383"]
[BlackElo "2153"]
[TimeControl "180+1"]
[EndTime "13:19:09 PDT"]
[Termination "Susal_De_Silva won by resignation"]

1. e4 g6 2. d4 Bg7 3. Nc3 c6 4. Be3 d5 5. e5 f6 6. exf6 Nxf6 7. h4 Ng4 8. h5 Qb6 9. b3 e5 10. Nf3 e4 11. Nh2 Nxe3 12. fxe3 Bf8 13. a3 Bd6 14. Ng4 Bg3+ 15. Kd2 Nd7 16. hxg6 h5 17. g7 Rg8 18. Rxh5 Rxg7 19. Be2 Qd8 20. Qf1 Qe7 21. Rh8+ Nf8 22. Nf6+ Kd8 23. Nfxd5 cxd5 24. Rxf8+ Kc7 25. Nxd5+ 1-0

[Event "*** Titled Tuesday Blitz"]
[Site "Chess.com"]
[Date "2020.05.19"]
[Round "7"]
[White "BulletMercenary"]
[Black "djano"]
[Result "0-1"]
[WhiteElo "2118"]
[BlackElo "2456"]
[TimeControl "180+1"]
[EndTime "13:19:13 PDT"]
[Termination "djano won by resignation"]

1. g4 e5 2. Bg2 h5 3. gxh5 Qh4 4.
d4 Qxd4 5. Qxd4 exd4 6. Nf3 Nc6 7.
Bf4 Bb4+ 8. Nbd2 d6 9. O-O-O Nf6 10. a3 Bxd2+ 11. Nxd2 Nxh5 12. Bg3 Bg4 13. f3 Be6 14. b4 O-O-O 15. b5 Ne5 16. Ne4 Nxg3 17. hxg3 Rxh1 18. Rxh1 Nc4 19. Rh7 Nxa3 20. Rxg7 Nxb5 21. Ng5 c5 22. f4 Rd7 23. f5 Bxf5 24. Nxf7 Kc7 25.
Bd5 Nc3 26. Bb3 d5 0-1

[Event "*** Titled Tuesday Blitz"]
[Site "Chess.com"]
[Date "2020.05.19"]
[Round "7"]
[White "LostaBet95"]
[Black "K_A_S_T_O_R"]
[Result "0-1"]
[WhiteElo "2549"]
[BlackElo "2730"]
[TimeControl "180+1"]
[EndTime "13:19:14 PDT"]
[Termination "K_A_S_T_O_R won on time"]

1. e4 c5 2. Nf3 d6 3. d4 cxd4 4. Nxd4 Nf6 5. Nc3 a6 6. f3 e6 7. Be3 b5 8. Qd2 Nbd7 9. g4 b4 10. Na4 h6 11. h4 Ne5 12. Qxb4 Bd7 13. b3 d5 14. Qd2 Bxa4 15. bxa4 dxe4 16. Be2 exf3 17.
Nxf3 Qxd2+ 18. Nxd2 Nfxg4 19. Bb6 Bb4 20. Bxg4 Nxg4 21. Ke2 Rc8 22. Rac1 Ba3 23. Rb1 Rxc2 24. Rb3 Bd6 25. Rg1 h5 26. Kd3 Rc6 27. Ne4 O-O 28.
Nxd6 Rxd6+ 29. Kc2 Rc8+ 30. Kb2 Rd2+ 31. Ka3 Rcc2 32.
Be3 Rxa2+ 33. Kb4 Re2 34. Bd4 Re4 35. Kc5 Rxa4 36. Rb8+ Kh7 0-1

[Event "*** Titled Tuesday Blitz"]
[Site "Chess.com"]
[Date "2020.05.19"]
[Round "7"]
[White "Shahinyan_ChessMood"]
[Black "Sychev_Klementy"]
[Result "0-1"]
[WhiteElo "2664"]
[BlackElo "2838"]
[TimeControl "180+1"]
[EndTime "13:19:15 PDT"]
[Termination "Sychev_Klementy won by resignation"]

1. e4 e5 2. Nf3 Nc6 3. Be2 Nf6 4. d3 d5 5. Nbd2 Bc5 6. O-O O-O 7. c3 a5 8. h3 a4 9. Qc2 h6 10. Rd1 Re8 11. Nf1 d4 12. cxd4 Nxd4 13. Qxc5 b6 14. Qa3 Nxe2+ 15. Kh2 c5 16. b4 Nxe4 17. Be3 N4c3 18.
Rd2 Qf6 19. bxc5 Bxh3 20. Kxh3 Qf5+ 21. Kh2 Qh5+ 0-1

[Event "*** Titled Tuesday Blitz"]
[Site "Chess.com"]
[Date "2020.05.19"]
[Round "7"]
[White "Roza_Idrisova"]
[Black "colegiodemadrid"]
[Result "1-0"]
[WhiteElo "2165"]
[BlackElo "2358"]
[TimeControl "180+1"]
[EndTime "13:19:16 PDT"]
[Termination "Roza_Idrisova won by resignation"]

1. d4 d5 2. Nf3 e6 3. Bg5 Be7 4. Bxe7 Qxe7 5. Nbd2 Nf6 6. e3 O-O 7. Bd3 c5 8. c3 Nc6 9. O-O e5 10. dxe5 Nxe5 11. Nxe5 Qxe5 12. Nf3 Qc7 13. h3 Be6 14. Rc1 Rfd8 15. Re1 a6 16. Bb1 b5 17. Qe2 Qb6 18.
b4 cxb4 19. cxb4 a5 20. a3 axb4 21. axb4 Ra4 22. Qb2 Qd6 23. Rc5 Rb8 24. Nd4 Bd7 25. Bc2 Ra6 26. Bd3 Rab6 27. Ra1 Be8 28. Ra5 Ne4 29. Bxe4 dxe4 30. Qa2 g6 31. Qd5 Qxd5 32. Rxd5 f5 33. h4 h5 34. Rc5 Kg7 35. Kh2 Kf6 36.
Kg3 Bd7 37. Kf4 R8b7 38. f3 exf3 39. gxf3 Be8 40. e4 fxe4 41. fxe4 Bd7 42. e5+ Kg7 43. Rd5 Kf7 44. Rd6 Rxd6 45. exd6 Kf8 46. Ke5 Kf7 47. Nf3 Kg7 48. Ng5 Bg4 49. Ne6+ Bxe6 50. Kxe6 g5 51. hxg5 h4 52. Ra3 Kg6 53. d7 Rb8 54. Ke7 Kxg5 55. d8=Q 1-0

[Event "*** Titled Tuesday Blitz"]
[Site "Chess.com"]
[Date "2020.05.19"]
[Round "7"]
[White "szefru"]
[Black "Justinz"]
[Result "1-0"]
[WhiteElo "2169"]
[BlackElo "2306"]
[TimeControl "180+1"]
[EndTime "13:19:19 PDT"]
[Termination "szefru won by resignation"]

1. e4 c5 2. Nf3 d6 3. d4 cxd4 4.
Qxd4 a6 5. Nc3 Nc6 6. Qd3 Nf6 7.
Bg5 e6 8. O-O-O Be7 9. h4 O-O 10.
h5 h6 11. Bh4 Qa5 12. Nd4 Nb4 13. Qc4 b5 14. Qb3 Bb7 15. f3 Rac8 16. g4 Rc5 17. Be2 Rfc8 18. Rdg1 Rxc3 19. bxc3 Rxc3 20. Qb2 d5 21. e5 Nd3+ 22. Bxd3 Ba3 23. exf6 Bxb2+ 24. Kxb2 Qa3+ 25. Kb1 e5 26. Nb3 e4 27. fxe4 dxe4 28. Be2 a5 29. Rd1 a4 30. Rd8+ Kh7 31. fxg7 Kxg7 32.
Rf1 axb3 33. Bf6+ 1-0

[Event "*** Titled Tuesday Blitz"]
[Site "Chess.com"]
[Date "2020.05.19"]
[Round "7"]
[White "gilbert_gm"]
[Black "keepitcool9499"]
[Result "1-0"]
[WhiteElo "2606"]
[BlackElo "2461"]
[TimeControl "180+1"]
[EndTime "13:19:20 PDT"]
[Termination "gilbert_gm won by resignation"]

1. e4 e6 2. Nf3 d5 3. Nc3 Nf6 4. e5 Nfd7 5. d4 c5 6. dxc5 Nc6 7. Bf4 Bxc5 8. Bd3 f5 9. exf6 Qxf6 10. Bg3 Bb4 11.
O-O Bxc3 12. bxc3 O-O 13. Qd2 e5 14. c4 e4 15. cxd5 exf3 16. dxc6 Qxc6 17. Rfe1 Nf6 18. Rab1 fxg2 19. Bb5 Qf3 20. Be2 Qf5 21. Bd3 Qh3 22. Re7 Qg4 23. Rb4 Qh5 24. Rh4 Qf3 25. Rf4 Qh5 26. Rh4 Qf3 27. Qg5 Rf7 28. Bc4 Bh3 29. Bxf7+ Kf8 30. Rxh3 Kxe7 31. Qxg7 Kd7 32. Bd5+ 1-0

[Event "*** Titled Tuesday Blitz"]
[Site "Chess.com"]
[Date "2020.05.19"]
[Round "7"]
[White "Omk124"]
[Black "FedaMaster"]
[Result "0-1"]
[WhiteElo "2371"]
[BlackElo "2529"]
[TimeControl "180+1"]
[EndTime "13:19:21 PDT"]
[Termination "FedaMaster won by resignation"]

1. e4 c5 2. Nf3 d6 3. d4 cxd4 4. Nxd4 Nf6 5. Nc3 g6 6. Be3 Bg7 7. f3 Nc6 8. Qd2 O-O 9. Bc4 Nd7 10. O-O-O Nb6 11. Bb3 Na5 12. Qe2 a6 13. h4 e5 14. Nf5 Nxb3+ 15. axb3 gxf5 16. exf5 Bxf5 17. g4 Be6 18. Ne4 Nd5 19. Bg5 f6 20. Bd2 Rc8 21. Kb1 Qb6 22. h5 h6 23. Bc1 Rc6 24. Rhg1 Rfc8 25. Rg2 Qa5 26. c3 Nf4 27. Bxf4 Bxb3 28.
Be3 Qa2+ 29. Kc1 d5 30. Ng3 Rxc3+ 31. bxc3 Rxc3+ 32. Qc2 Qxc2+ 0-1

[Event "*** Titled Tuesday Blitz"]
[Site "Chess.com"]
[Date "2020.05.19"]
[Round "7"]
[White "Enriquack"]
[Black "PlayChessSimple"]
[Result "0-1"]
[WhiteElo "2307"]
[BlackElo "2492"]
[TimeControl "180+1"]
[EndTime "13:19:21 PDT"]
[Termination "PlayChessSimple won by checkmate"]

1. e4 e6 2. d4 d5 3. Nc3 Nf6 4. Bg5 Bb4 5. Ne2 dxe4 6. a3 Be7 7.
Bxf6 gxf6 8. Nxe4 a6 9. Qd3 b5 10. g4 Bb7 11. Bg2 Ra7 12. O-O-O Nd7 13. N2g3 Bd5 14.
f4 Rg8 15. Bf3 b4 16. axb4 a5 17. b5 a4 18. Nc5 Nb6 19. Rhe1 a3 20. bxa3 Qa8 21.
Qxh7 Rf8 22. Bxd5 Qxd5 23. Qd3 Nc4 24. Qe4 Rxa3 25. Qxd5 Ra1# 0-1